Map: Dusty Gorge

Players

xxreefrluvxx

  • Race: Protoss Protoss
  • Spawn Location: 5:00

Kitten

  • Race: Zerg Zerg
  • League: Platinum
  • Spawn Location: 3:00

MonstroTown - Winner!

  • Race: Terran Terran
  • Spawn Location: 11:00

Michael - Winner!

  • Race: Zerg Zerg
  • League: Gold
  • Spawn Location: 9:00

VOD

Have the link to the VOD?

Description

Time

  • Played on: Sept. 16, 2018, 2:10 a.m.
  • Length: 19:07
Show
View Real Time Build Order
Export as new Build Order

xxreefrluvxx Protoss 

Build Orders: Zealot Archon 

Get SALT Encoding   

  12  0:02  Probe  
  13  0:14  Probe  
  14  0:25  Pylon  
  14  0:26  Probe  
  15  0:39  Probe  
  15  0:47  Probe  
  17  0:57  Probe  
  17  0:58  Gateway  
  17  1:03  Assimilator  
  18  1:05  Probe  
  18  1:07  Assimilator  
  19  1:13  Probe  
  20  1:18  Pylon  
  20  1:41  Probe  
  21  1:52  Cybernetics Core  
  21  1:53  Probe, Pylon  
  22  2:09  Probe  
  23  2:20  Gateway x2  
  23  2:22  Gateway  
  23  2:27  Stalker  
  23  2:30  Warp Gate  
  25  2:44  Probe  
  25  2:50  Twilight Council  
  25  3:16  Zealot x3  
  25  3:17  Zealot  
  33  3:38  Nexus  
  33  3:54  Templar Archives  
  33  3:57  Probe  
  34  4:03  Charge  
  34  4:04  Zealot  
  34  4:07  Zealot  
  34  4:09  Probe  
  39  4:25  Psionic Storm  
  39  4:35  Assimilator  
  39  4:40  Assimilator  
  39  4:50  Probe  
  39  4:51  Pylon  
  40  5:02  Probe  
  41  5:19  High Templar  
  41  5:20  High Templar  
  45  5:21  High Templar  
  45  5:22  Zealot  
  45  5:25  Archon  
  45  6:02  Zealot  
  45  6:03  Zealot x2  
  51  6:04  Zealot  
  53  6:18  Gateway  
  53  6:19  Gateway  
  53  6:20  Probe x2  
  53  6:21  Gateway  
  53  6:22  Pylon  
  53  6:24  High Templar  
  53  6:25  High Templar, Pylon  
  59  6:29  Zealot  
  59  7:05  High Templar x3  
  65  7:09  Probe  
  65  7:10  Probe  
  67  7:19  Pylon  
  67  7:20  Forge  
  67  7:22  Probe x2, Forge  
  69  7:33  Zealot x2  
  69  7:34  Probe x2  
  75  7:39  Protoss Ground Armor Level 1  
  75  7:40  Protoss Ground Weapons Level 1  
  75  8:01  Probe x2  
  75  8:10  Stalker  
  75  8:11  Stalker  
  75  8:12  Stalker x2  
  83  8:33  Nexus  
  83  8:37  Pylon  
  81  9:12  Zealot  
  81  9:13  Zealot x4  
  81  9:14  Zealot  
  93  9:21  Probe  
  94  9:25  Pylon  
  94  9:26  Pylon  
  94  9:29  Pylon  
  94  9:43  Probe  
  95  9:48  Pylon  
  95  9:52  Probe x2  
  97  9:55  High Templar  
  97  9:56  High Templar x3  
  97  9:57  High Templar x2  
  97  9:58  High Templar  
  111  10:06  Protoss Ground Armor Level 2, Protoss Ground Weapons Level 2  
  111  10:08  Archon x3  
  51  11:24  Zealot x2  
  51  11:25  Zealot x4  
  59  11:26  Zealot  
  59  11:47  Archon  
  59  11:52  High Templar x2  
  59  11:53  High Templar x4  
  59  11:54  High Templar  
  73  12:04  Gateway  
  73  12:05  Gateway  
  73  12:07  Gateway  
  73  12:09  Gateway  
  73  12:10  Gateway  
  73  12:11  Assimilator  
  73  12:12  Gateway  
  73  12:15  Assimilator  
  73  12:29  High Templar  
  74  12:30  High Templar x4  
  74  12:32  Zealot x2  
  74  12:35  Archon x2  
  86  12:42  Archon  
  86  12:58  Protoss Ground Armor Level 3, Protoss Ground Weapons Level 3  
  80  13:03  Zealot  
  80  13:04  Zealot x4  
  80  13:05  Zealot x2  
  94  13:12  Probe x3  
  97  13:24  Probe  
  98  13:31  Stalker x2  
  98  13:32  Stalker x3  
  98  13:33  Zealot x2  
  98  13:34  Zealot x4  
  114  13:35  Zealot  
  122  13:52  Probe x2  
  124  14:01  High Templar x2  
  124  14:02  High Templar x2  
  132  14:03  Zealot x2  
  132  14:04  Zealot x2  
  132  14:09  Archon x2  
  60  14:55  Zealot x2  
  60  14:56  Zealot x3  
  60  14:57  Zealot x3  
  60  14:58  Zealot x2  
  60  14:59  Zealot x2  
  72  15:00  Zealot  
  70  15:26  Archon  
  70  15:27  Nexus  
  60  16:04  Stalker x4  
  40  16:05  Stalker x2  
  40  16:06  Stalker x3  
  56  16:17  Pylon  
  55  16:40  High Templar x2  
  55  16:41  High Templar x3  
  55  16:42  High Templar x2  
  55  16:43  High Templar  
  65  16:50  Archon x2  
  65  16:51  Archon x2  
Show
View Real Time Build Order
Export as new Build Order

Kitten Zerg 

Build Orders: Hatch First, Lurkers 

Get SALT Encoding   

  12  0:03  Drone  
  13  0:09  Drone  
  14  0:20  Overlord  
  14  0:24  Extractor, Drone  
  15  0:39  Drone x2  
  17  0:51  Drone  
  18  1:06  Hatchery  
  17  1:12  Spawning Pool  
  17  1:13  Drone  
  17  1:16  Drone  
  18  1:26  Drone  
  18  1:28  Extractor  
  18  1:59  Queen  
  18  2:00  Overlord  
  20  2:20  Extractor  
  20  2:22  Roach Warren  
  18  2:23  Drone  
  18  2:24  Drone x2  
  18  2:26  Queen  
  23  2:30  Drone x2  
  25  3:07  Drone x3  
  25  3:08  Drone x3  
  31  3:13  Lair  
  31  3:22  Drone  
  31  3:24  Overlord  
  32  3:37  Drone  
  32  3:38  Drone x3  
  32  3:40  Overlord  
  36  3:43  Overlord  
  36  3:45  Drone x4  
  40  3:56  Queen  
  42  4:07  Drone  
  42  4:08  Drone x3  
  46  4:12  Glial Reconstitution  
  46  4:21  Extractor, Drone  
  46  4:23  Overlord  
  46  4:27  Extractor  
  45  4:39  Roach x5  
  54  4:55  Hatchery  
  54  4:56  Roach x4  
  54  4:57  Roach x2  
  65  5:11  Roach  
  65  5:12  Overlord x2  
  67  5:31  Roach x2  
  67  5:32  Roach x3  
  77  5:39  Ravager x2  
  77  5:41  Ravager x2  
  81  6:05  Ravager  
  81  6:08  Ravager  
  81  6:10  Ravager x3  
  81  6:11  Ravager x2  
  88  6:12  Zergling x4  
  88  6:14  Overlord x4  
  90  6:18  Hydralisk Den  
  90  6:22  Drone  
  90  6:31  Queen  
  92  6:41  Metabolic Boost  
  92  7:01  Overseer  
  92  7:04  Pneumatized Carapace  
  92  7:14  Drone x3  
  95  7:28  Grooved Spines  
  95  7:31  Hydralisk  
  95  7:32  Hydralisk x10  
  95  7:35  Drone  
  95  7:36  Drone  
  119  7:43  Drone x3  
  122  8:06  Overlord x6  
  122  8:07  Overlord  
  122  8:15  Extractor  
  122  8:16  Drone  
  122  8:17  Extractor, Drone  
  122  8:42  Muscular Augments  
  122  8:46  Infestation Pit  
  121  9:07  Hatchery  
  121  9:08  Spire  
  119  10:03  Hydralisk  
  119  10:04  Hydralisk x24  
  44  11:37  Hive, Hydralisk  
  44  11:38  Hydralisk x17  
  80  11:53  Drone x3  
  83  12:02  Drone x7  
  90  12:34  Lurker Den  
  89  12:51  Hatchery  
  88  13:06  Baneling Nest  
  88  13:07  Greater Spire  
  88  13:11  Zergling x16  
  88  13:12  Zergling x28  
  109  13:52  Hatchery, Centrifical Hooks  
  108  13:56  Baneling  
  108  13:57  Baneling x13  
  108  13:58  Baneling x2  
  108  14:00  Lurker x4  
  108  14:01  Lurker x6  
  108  14:02  Lurker  
  119  14:08  Extractor  
  118  14:10  Extractor, Drone x2  
  118  14:11  Drone x5  
  118  14:12  Drone  
  118  14:13  Drone x9  
  134  14:24  Evolution Chamber x2  
  87  15:16  Corruptor x9  
  87  16:03  Extractor  
  86  16:07  Queen  
  86  16:08  Drone  
  86  16:09  Hatchery, Drone x3  
  91  16:16  Brood Lord x4  
  99  16:25  Corruptor  
  93  16:26  Corruptor  
  93  16:27  Zergling x2  
  93  16:28  Zergling x40  
  118  17:01  Extractor, Baneling  
  118  17:02  Baneling x16  
  118  17:03  Extractor  
Show
View Real Time Build Order
Export as new Build Order

MonstroTown Terran - Winner!

Build Orders:  

Get SALT Encoding   

  12  0:01  SCV  
  13  0:13  SCV  
  14  0:18  Supply Depot  
  14  0:25  SCV  
  15  0:40  SCV  
  15  0:41  Barracks  
  16  0:47  Refinery  
  16  0:52  SCV  
  17  1:04  SCV  
  18  1:14  Barracks  
  18  1:17  SCV  
  19  1:29  Refinery  
  19  1:30  Orbital Command  
  19  1:31  Marine  
  20  1:50  Reaper  
  21  1:57  SCV  
  22  2:03  Barracks Tech Lab  
  22  2:09  SCV  
  22  2:14  Factory  
  22  2:25  SCV  
  22  2:29  Barracks Reactor  
  23  2:34  Supply Depot  
  23  2:44  Command Center  
  23  3:04  Marauder  
  24  3:05  Factory Tech Lab  
  24  3:07  Stimpack, Marine x2  
  26  3:15  SCV  
  27  3:26  Starport  
  27  3:31  Marauder  
  29  3:34  SCV  
  30  3:46  SCV  
  31  3:56  Orbital Command  
  31  3:58  SCV  
  31  4:02  Starport Tech Lab  
  32  4:09  Siege Tank  
  35  4:16  Marauder  
  37  4:19  SCV  
  37  4:22  Marine  
  39  4:25  SCV  
  40  4:39  Banshee  
  40  4:40  Supply Depot  
  40  4:41  Marauder  
  40  4:42  Marine  
  40  4:44  SCV  
  47  4:52  Siege Tank  
  50  4:53  Marine  
  51  5:12  Marine x2  
  51  5:13  Marauder  
  55  5:22  Engineering Bay  
  55  5:24  Engineering Bay  
  55  5:27  Barracks  
  55  5:29  Marine, Barracks  
  55  5:30  Marine  
  55  5:34  Marauder  
  56  5:59  Siege Tank  
  55  6:08  Banshee  
  55  6:09  Marauder, Marine x2  
  62  6:13  Supply Depot  
  62  6:14  Supply Depot  
  62  6:19  Barracks Tech Lab  
  62  6:20  Barracks Reactor  
  62  6:40  Terran Infantry Weapons Level 1  
  62  6:41  Terran Infantry Armor Level 1  
  62  7:01  Marine x2  
  64  7:02  Siege Tank, Marauder x2  
  64  7:05  SCV x2  
  73  7:11  Refinery  
  73  7:17  SCV  
  74  7:24  Marine x3  
  77  7:38  Marine  
  78  7:45  Supply Depot  
  78  7:46  Supply Depot  
  78  7:47  Armory  
  78  8:06  Marine, Banshee  
  78  8:07  SCV x2  
  78  8:09  Siege Tank  
  78  8:10  Marauder, Marine x3  
  78  8:11  Concussive Shells  
  92  8:24  Marine x2  
  94  8:35  Supply Depot  
  94  8:38  Terran Vehicle Weapons Level 1  
  94  8:40  Command Center  
  94  8:48  Missile Turret x2  
  94  8:51  Missile Turret  
  94  8:57  SCV x2  
  96  9:08  Marine x3  
  96  9:09  SCV x2, Marine  
  101  9:17  Supply Depot  
  101  9:21  SCV  
  102  9:29  Supply Depot  
  102  9:39  Siege Tank, SCV, Banshee  
  102  9:45  Marine  
  110  9:50  Marauder x2, Marine x3  
  117  9:59  Orbital Command  
  117  10:03  Marine  
  95  10:25  Marine  
  95  10:26  Marine, Banshee  
  96  10:41  Marine x3  
  96  10:42  Marine  
  94  10:43  Marine  
  94  10:49  Barracks  
  94  10:52  Barracks  
  94  10:54  Terran Infantry Armor Level 2, Terran Infantry Weapons Level 2  
  94  10:56  Supply Depot  
  80  11:00  Marauder  
  72  11:05  Barracks x2  
  72  11:06  Marine x4  
  70  11:12  Marine  
  70  11:14  Barracks  
  68  11:21  Marine  
  68  11:23  Marine  
  68  11:24  Marine x2  
  72  11:30  Marauder  
  72  11:31  Raven  
  72  11:39  Marauder  
  71  11:47  Combat Shields  
  71  11:50  Terran Vehicle Weapons Level 2  
  71  11:56  Refinery x2  
  71  12:00  Refinery  
  71  12:04  Marine  
  71  12:05  Marine x2  
  74  12:09  Hellbat  
  74  12:12  Barracks Tech Lab, Marauder x2  
  74  12:13  Barracks Tech Lab x3  
  80  12:24  Missile Turret  
  80  12:36  Marauder x4, Marine x3  
  80  12:37  Marine  
  91  12:40  Raven  
  94  12:51  SCV x3  
  97  13:03  SCV x3  
  97  13:04  Marine x4  
  97  13:05  Marine  
  105  13:10  Terran Infantry Weapons Level 3  
  105  13:13  Marine  
  105  13:15  SCV x2  
  105  13:16  Marauder  
  105  13:17  Marauder x4  
  120  13:20  Hellbat  
  120  13:32  Marauder  
  122  13:42  Marine x3  
  122  13:45  Hellbat  
  122  13:48  Medivac  
  129  13:49  Marauder x2  
  129  13:50  Marauder x2, Marine x3  
  129  13:52  Marine  
  141  13:59  SCV x3, Marine  
  141  14:00  Marine x2  
  147  14:04  Supply Depot  
  147  14:05  Supply Depot  
  147  14:06  Supply Depot  
  147  14:07  Marine  
  148  14:16  Marauder x2  
  99  14:46  Marine x4  
  99  14:47  Marine  
  99  14:52  Marine x4  
  81  14:53  Marine x2  
  72  15:04  Marine x5  
  72  15:18  Marine  
  72  15:19  Marine x5  
  78  15:22  Marine x3  
  81  15:32  Marine x2  
  81  15:35  Raven  
  82  15:36  Marine  
  67  15:50  Marine  
  67  15:51  Marine x5  
  73  16:00  SCV x2  
  75  16:09  Marine x4  
  75  16:10  Marine x4  
  75  16:11  Marauder  
  85  16:12  Marauder x2  
  85  16:13  Siege Tank  
  85  16:17  Raven  
  94  16:27  Marine x3  
  94  16:28  Marine x2  
  94  16:29  Marauder x3  
  94  16:32  Marauder  
  107  16:33  Marauder x2  
  107  16:36  Command Center  
  111  16:45  Marine x3  
  111  16:46  Marine  
  115  17:00  Banshee  
  116  17:18  Hellbat  
  116  17:19  Marauder x5  
  126  17:25  Marine x4  
  126  17:26  Marine x2  
  130  17:40  Marine x2  
  132  17:45  Marine x4  
  132  17:46  Marine x4  
  132  17:47  Marauder  
  142  17:58  Marauder x2  
  134  18:08  Marine x2  
  134  18:09  Marine x3  
  137  18:17  Marine  
  137  18:18  Marine x3  
  137  18:19  Marine x2  
  142  18:26  Marine x3  
  144  18:27  Viking  
  147  18:42  Marine x3  
  147  18:43  Marauder x3  
  147  18:44  Marauder x2  
Show
View Real Time Build Order
Export as new Build Order

Michael Zerg - Winner!

Build Orders: Pool First 

Get SALT Encoding   

  12  0:01  Drone  
  13  0:12  Overlord  
  13  0:18  Drone  
  14  0:31  Drone x2  
  14  0:34  Drone  
  17  0:37  Extractor  
  16  0:47  Drone  
  17  0:54  Spawning Pool  
  17  0:56  Drone  
  17  1:07  Drone  
  18  1:17  Drone  
  19  1:32  Hatchery  
  18  1:34  Drone  
  18  1:39  Drone  
  20  1:48  Queen  
  22  1:56  Overlord  
  22  2:03  Metabolic Boost  
  22  2:19  Drone  
  22  2:21  Roach Warren, Drone  
  23  2:29  Zergling x2  
  26  2:47  Queen  
  28  3:01  Extractor  
  28  3:05  Lair  
  25  3:12  Drone  
  26  3:13  Drone x2  
  26  3:19  Drone x4  
  32  3:29  Overlord x2  
  32  3:39  Queen  
  34  3:42  Drone x2  
  36  4:08  Roach x2  
  40  4:11  Roach  
  40  4:15  Roach  
  40  4:16  Hatchery  
  43  4:18  Roach  
  43  4:23  Roach  
  47  4:29  Glial Reconstitution  
  47  4:36  Drone, Evolution Chamber  
  47  4:37  Drone  
  48  4:39  Drone  
  48  4:42  Drone  
  48  4:45  Drone  
  51  4:59  Drone  
  52  5:02  Overlord  
  52  5:04  Overlord  
  52  5:11  Overlord  
  52  5:19  Queen  
  54  5:21  Hydralisk Den  
  54  5:22  Spore Crawler  
  54  5:27  Spire  
  51  5:30  Ravager x3  
  51  5:32  Roach  
  58  5:35  Roach  
  58  5:39  Roach  
  60  5:43  Zergling x2  
  60  5:44  Zergling x2  
  62  5:54  Ravager  
  62  5:56  Overlord x2  
  63  6:05  Roach x3  
  63  6:07  Roach  
  63  6:11  Roach  
  73  6:16  Queen  
  75  6:19  Drone  
  75  6:22  Drone  
  75  6:25  Drone  
  78  6:26  Drone  
  78  6:29  Drone  
  80  6:37  Zerg Ground Armor Level 1  
  80  6:48  Roach  
  80  6:49  Roach  
  84  6:59  Roach x2  
  84  7:01  Zergling x14  
  95  7:10  Queen  
  95  7:15  Overlord  
  97  7:17  Overlord  
  97  7:43  Drone  
  97  7:44  Drone x5  
  103  7:45  Queen  
  103  7:49  Spore Crawler  
  104  7:52  Spine Crawler  
  104  7:58  Hydralisk x5  
  103  8:00  Overlord  
  103  8:01  Overlord  
  103  8:04  Overlord  
  113  8:08  Muscular Augments  
  113  8:19  Drone x3  
  116  8:21  Extractor  
  116  8:22  Drone x2  
  116  8:23  Extractor, Drone x3  
  119  8:28  Drone x2  
  119  8:29  Drone  
  119  8:33  Drone x3  
  125  8:37  Hydralisk x2  
  125  8:39  Hydralisk  
  131  8:42  Hydralisk  
  133  9:07  Hydralisk x2  
  133  9:09  Overlord x4  
  137  9:10  Overlord  
  137  9:30  Overlord x3  
  137  9:38  Infestation Pit  
  137  9:42  Evolution Chamber  
  135  9:52  Hydralisk x7  
  135  9:53  Hydralisk  
  151  10:07  Hatchery  
  150  10:10  Drone x4  
  150  10:13  Extractor  
  153  10:15  Extractor  
  153  10:17  Spine Crawler  
  153  10:18  Drone  
  153  10:19  Drone x3  
  153  10:20  Drone x2  
  157  10:22  Hive  
  157  10:28  Hydralisk x2  
  157  10:30  Zergling x2  
  157  10:31  Zergling x16  
  140  10:50  Hydralisk x4  
  81  11:19  Hydralisk x8  
  97  11:35  Hydralisk  
  97  11:36  Hydralisk x3  
  105  11:44  Spine Crawler  
  105  11:45  Spore Crawler  
  105  11:46  Zerg Missile Weapons Level 1  
  103  11:47  Hatchery  
  102  12:02  Roach x6  
  102  12:03  Roach x5  
  102  12:05  Hatchery  
  123  12:21  Roach x10  
  143  12:25  Zergling x8  
  147  12:36  Overseer x2  
  147  12:42  Drone x4  
  151  12:44  Drone x2  
  151  12:47  Greater Spire  
  151  12:49  Grooved Spines  
  153  13:04  Roach x3  
  153  13:05  Roach x4  
  167  13:21  Hydralisk x6  
  179  13:41  Corruptor x2  
  179  13:44  Corruptor  
  179  13:46  Zergling x20  
  195  13:51  Queen  
  195  13:52  Drone x3  
  160  14:50  Corruptor x5  
  160  14:51  Hydralisk  
  160  14:52  Hydralisk x7  
  144  15:02  Hydralisk x2  
  118  15:09  Roach x4  
  126  15:16  Extractor x2  
  124  15:23  Zerg Flyer Armor Level 1  
  124  15:26  Brood Lord  
  124  15:27  Brood Lord x3  
  132  15:28  Brood Lord  
  132  15:30  Roach x2  
  132  15:31  Roach  
  116  16:02  Corruptor x3  
  116  16:04  Zergling x32  
  119  16:05  Zergling x12  
  138  16:40  Brood Lord  
  138  16:41  Corruptor x3  
  138  16:44  Zergling x12  
  138  16:45  Zergling x10  
  157  17:02  Zergling x2  
  157  17:03  Zergling x20  
  157  17:04  Zergling x2  
  147  17:25  Zergling x20  
  147  17:26  Zergling x2  
  125  18:02  Corruptor x3  
  125  18:03  Corruptor x2  
  133  18:09  Zergling x8  
  130  18:24  Zergling x2  
  130  18:25  Zergling x14  
  132  18:33  Roach  
  130  18:37  Zergling x6  
  127  18:42  Zergling x2  
  127  18:43  Zergling x2  
Tags
 
Add a new tag
Caveats
  • Supply blocks, unpowered buildings, or Contaminate may cause inaccurate times.
  • Supply counts are checked every 10 seconds.